 Dungeon Crawl Stone Soup version 0.20.0-15-g7f486f2 (webtiles) character file.

417 systemy the Chopper (level 6, -3/56 HPs)
             Began as a Minotaur Berserker on June 25, 2017.
             Was a Priest of Trog.
             Slain by a mummy (15 damage)
             ... in an ossuary.
             The game lasted 00:04:50 (2937 turns).

systemy the Chopper (Minotaur Berserker)            Turns: 2937, Time: 00:04:51

Health: -3/56      AC:  6    Str: 23    XL:     6   Next: 61%
Magic:  5/5        EV: 11    Int:  4    God:    Trog [***...]
Gold:   190        SH:  0    Dex: 10    Spells: 5/5 levels left

rFire    . . .     SeeInvis .   a - +0 hand axe
rCold    . . .     Gourm    .   (no shield)
rNeg     . . .     Faith    .   h - +0 ring mail
rPois    .         Spirit   .   (helmet restricted)
rElec    .         Reflect  .   (no cloak)
rCorr    .         Harm     .   (no gloves)
MR       .....                  (no boots)
Stlth    ..........             (no amulet)
Regen    0.2/turn               (no ring)
MPRegen  0.1/turn               (no ring)

@: berserk cooldown, slowed, very slow
A: retaliatory headbutt, horns 2
a: Berserk, Trog's Hand, Burn Spellbooks, Renounce Religion


You were in an ossuary.
You worshipped Trog.
Trog was most pleased with you.
You were not hungry.

You visited 1 branch of the dungeon, and saw 4 of its levels.
You also visited: Ossuary.

You collected 190 gold pieces.

Inventory:

Hand Weapons
 a - a +0 hand axe (weapon)
Armour
 b - a +0 animal skin
 h - a +0 ring mail (worn)
Jewellery
 v - an uncursed ring of wizardry {unknown}
Scrolls
 f - a scroll of enchant weapon {unknown}
 g - a scroll of remove curse {unknown}
 i - a scroll of blinking {unknown}
 j - 2 scrolls of amnesia {unknown}
 k - 2 scrolls of immolation {unknown}
 l - 2 scrolls of identify {unknown}
 o - a scroll of recharging {unknown}
 q - 2 scrolls of teleportation {unknown}
 s - a scroll of noise {unknown}
Potions
 d - 3 potions of invisibility {unknown}
 e - a potion of heal wounds {unknown}
 m - a potion of haste {unknown}
 n - a potion of lignification {unknown}
 p - 2 potions of curing {unknown}
 r - 2 potions of magic {unknown}
 t - a potion of degeneration {unknown}
Comestibles
 c - 3 bread rations
 u - 2 royal jellies


   Skills:
 + Level 5.4 Fighting
 + Level 6.4 Axes
 + Level 5.2 Armour
 - Level 2.1 Dodging


You had 5 spell levels left.
You didn't know any spells.

Dungeon Overview and Level Annotations

Branches:
Dungeon (4/15)             Temple (0/1) D:4

Altars:
Ashenzari
Yredelemnul
Zin


Innate Abilities, Weirdness & Mutations

You reflexively headbutt those who attack you in melee.
You have a pair of horns on your head.


Message History

The big kobold zombie barely misses you.
The big kobold zombie hits you but does no damage.
You closely miss the big kobold zombie.
Your headbutt misses the big kobold zombie.
The big kobold zombie is severely damaged.
You barely miss the mummy. The mummy closely misses you.
You furiously retaliate!
You headbutt the mummy.
The big kobold zombie completely misses you.
You hit the big kobold zombie.
Your headbutt misses the big kobold zombie.
The big kobold zombie is almost destroyed.
You hit the mummy. The mummy completely misses you.
The big kobold zombie closely misses you.
You furiously retaliate!
You headbutt the big kobold zombie!
You destroy the big kobold zombie!
Trog accepts your kill.
You hit the mummy. Your headbutt misses the mummy.
The mummy is heavily damaged.
The mummy hits you!
You die...

#....#
#....#
#....#
#....#
#....#
#....#
#....#
#...M#
#.∩∩@#
######


You could see a mummy.

Vanquished Creatures
  A centaur (D:4)
  A hound (D:4)
  2 orc wizards (D:3)
  2 worker ants (D:4)
  A big kobold zombie (Ossuary)
  4 mummies
  3 gnolls (D:2)
  3 adders
  2 worms (D:2)
  3 dart slugs
  2 leopard geckos
  4 orcs (D:3)
  3 giant cockroaches
  9 hobgoblins
  3 jackals (D:3)
  A quokka (D:3)
  3 bats
  4 frilled lizards
  5 goblins
  A hobgoblin zombie (Ossuary)
  4 kobolds
  3 kobold zombies (Ossuary)
  2 orc zombies (Ossuary)
  10 rats
76 creatures vanquished.

Notes
Turn   | Place    | Note
-------+----------+-------------------------------------------
     0 | D:1      | systemy the Minotaur Berserker began the quest for the Orb.
     0 | D:1      | Reached XP level 1. HP: 19/19 MP: 0/0
    95 | D:1      | Found a shattered altar of Ashenzari.
   170 | D:1      | Reached skill level 4 in Axes
   170 | D:1      | Reached XP level 2. HP: 24/27 MP: 1/1
   800 | D:2      | Reached ** piety under Trog
   803 | D:2      | Reached XP level 3. HP: 25/33 MP: 2/2
  1082 | D:2      | Reached skill level 5 in Axes
  1089 | D:2      | Reached XP level 4. HP: 39/41 MP: 3/3
  1290 | D:2      | Found a basalt altar of Yredelemnul.
  1304 | D:2      | Found a faded altar of an unknown god.
  2263 | D:3      | Reached XP level 5. HP: 32/47 MP: 4/4
  2731 | D:4      | Noticed a centaur
  2736 | D:4      | Reached skill level 5 in Fighting
  2742 | D:4      | Killed a centaur
  2742 | D:4      | Reached skill level 6 in Axes
  2742 | D:4      | Reached XP level 6. HP: 33/56 MP: 5/5
  2811 | D:4      | Found a glowing silver altar of Zin.
  2843 | D:4      | Found a staircase to the Ecumenical Temple.
  2882 | D:4      | Found a sand-covered staircase.
  2895 | Ossuary  | Entered an ossuary
  2907 | Ossuary  | Reached *** piety under Trog
  2931 | Ossuary  | Reached skill level 5 in Armour
  2937 | Ossuary  | Slain by a mummy

Skill      XL: |  1  2  3  4  5  6 |
---------------+-------------------+-----
Axes           | 4 5 6 |  6.4
Fighting       | 4 5 |  5.4
Armour         | 3 4 5 |  5.2
Dodging        | |  2.1

Action                   |  1- 3 |  4- 6 || total
-------------------------+-------+-------++-------
Melee: Hand axe          |    57 |   115 ||   172
       Headbutt          |     8 |    21 ||    29
Invok: Berserk           |     1 |     1 ||     2
  Eat: Chunk             |     1 |     3 ||     4
       Bread ration      |       |     1 ||     1
Armor: Animal skin       |     2 |       ||     2
       Ring mail         |    15 |    35 ||    50
Dodge: Dodged            |    35 |    82 ||   117
